 Dungeon Crawl Stone Soup version 0.16.0-12-g7215832 (webtiles) character file.

98 Sorcv the Sneak (level 5, -2/28 HPs)
             Began as a Kobold Enchanter on Mar 18, 2015.
             Killed from afar by an orc wizard (6 damage)
             ... with a magic dart
             ... on level 3 of the Dungeon.
             The game lasted 00:04:35 (1562 turns).

Sorcv the Sneak (Kobold Enchanter)                  Turns: 1562, Time: 00:04:35

Health: -2/28      AC:  4    Str:  6    XL:     5   Next: 1%
Magic:  9/9        EV: 15    Int: 13    God:
Gold:   55         SH:  0    Dex: 18    Spells: 3 memorised, 2 levels left

rFire  . . .     SeeInvis .     h - +1 dagger (drain)
rCold  . . .     Clarity  .     b - +1 robe
rNeg   . . .     SustAb   .     (no shield)
rPois  .         Gourm    .     (no helmet)
rElec  .         Spirit   .     (no cloak)
rCorr  .         Warding  .     g - +0 pair of gloves
rMut   .         Stasis   .     (no boots)
MR     .....                    k - amulet of regeneration
Stlth  ++++......               (no ring)
                                (no ring)

@: slowed, drained, very slow, not resistant to hostile enchantments, stealthy
A: carnivore 3
a: no special abilities


You were on level 3 of the Dungeon.
You were not hungry.

You visited 1 branch of the dungeon, and saw 3 of its levels.

You collected 55 gold pieces.

Inventory:

Hand weapons
 a - a +1 dagger
 h - a +1 dagger of draining (weapon)
Armour
 b - a +1 robe (worn)
 g - a +0 pair of gloves (worn)
Jewellery
 k - an amulet of regeneration (around neck)
Scrolls
 i - a scroll of enchant armour
Books
 c - a book of Maledictions

   Spells                             Type                      Level
   a - Corona                         Hexes                        1
   b - Sure Blade                     Hexes/Charms                 2
   c - Ensorcelled Hibernation        Hexes/Ice                    2
   d - Confuse                        Hexes                        3
   e - Dazzling Spray                 Conjuration/Hexes            3
   f - Enslavement                    Hexes                        4
Comestibles
 d - a meat ration
 f - a slice of pizza
 j - a beef jerky


   Skills:
 - Level 1.3(1.2) Short Blades
 - Level 2.4(2.2) Dodging
 + Level 7.4(7.2) Stealth
 - Level 2.0(1.8) Spellcasting
 - Level 3.0(2.8) Hexes


You had 2 spell levels left.
You knew the following spells:

 Your Spells              Type           Power        Failure   Level  Hunger
a - Corona                Hex            #......      10%         1    ##.....
b - Ensorcelled Hibernat  Hex/Ice        #.....       24%         2    ###....
c - Confuse               Hex            #.......     28%         3    ####...


Dungeon Overview and Level Annotations

Branches:
Dungeon (3/15)

Altars:
Makhleb
Xom


Innate Abilities, Weirdness & Mutations

You are small and have problems with some larger weapons.
You are carnivorous and can eat meat at any time.


Message History

A goblin comes into view. It is wielding a dagger.
You closely miss the orc wizard.
The goblin shouts!
You hear some strange, mumbled words.
The magic dart hits you!
The orc wizard points at you and mumbles some strange words.
The magic dart hits you!
* * * LOW HITPOINT WARNING * * *
You aren't carrying any potions.
Read which item? (? for menu, Esc to quit)
As you read the scroll labeled STRORO QYBOQE, it crumbles to dust.
It is a scroll of identify.
Identify which item? (\ to view known items) (? for menu, Esc to quit)
i - a scroll of enchant armour Something hits you but does no damage.
The orc wizard gestures at you while chanting.
The magic dart hits you!
* * * LOW HITPOINT WARNING * * *
You hear some strange, mumbled words.
The magic dart hits you!
You die...

..... . ....##
..# #.... oo.#
#...# ....#
#..g####oo...#
#go.o.ho...#
#o######+###
#o## #@{# ##.#
#.## #..#
##.##
##+###..#
#...###.#
+...# #.##
.### #...#
#..#


You could see an orc wizard, 2 orcs, a hobgoblin and a goblin.

Vanquished Creatures
  5 adders (D:2)
  2 oozes (D:2)
  2 orcs (D:3)
  3 ball pythons (D:1)
  4 bats
  3 giant cockroaches (D:1)
  6 goblins
  12 hobgoblins
  7 jackals
  3 kobolds
  A giant newt (D:1)
  2 rats (D:2)
50 creatures vanquished.

Notes
Turn   | Place    | Note
--------------------------------------------------------------
     0 | D:1      | Sorcv, the Kobold Enchanter, began the quest for the Orb.
     0 | D:1      | Reached XP level 1. HP: 10/10 MP: 3/3
    94 | D:1      | Reached XP level 2. HP: 9/15 MP: 4/4
   178 | D:1      | Reached skill level 5 in Stealth
   391 | D:1      | Reached XP level 3. HP: 10/19 MP: 6/6
   395 | D:1      | Learned a level 2 spell: Ensorcelled Hibernation
   399 | D:1      | Learned a level 3 spell: Confuse
   768 | D:2      | Reached skill level 6 in Stealth
   889 | D:2      | Reached XP level 4. HP: 13/24 MP: 7/7
  1073 | D:2      | Found a shimmering altar of Xom.
  1075 | D:2      | Found a burning altar of Makhleb.
  1145 | D:2      | Reached skill level 7 in Stealth
  1275 | D:2      | HP: 1/24 [poisoned by an adder]
  1549 | D:3      | Reached XP level 5. HP: 28/28 MP: 9/9
  1562 | D:3      | Killed from afar by an orc wizard

Action                   |  1- 3 |  4- 6 || total
-------------------------+-------+-------++-------
Melee: Dagger            |    85 |    55 ||   140
 Cast: Ensorcelled Hiber |     1 |     7 ||     8
  Use: Potion            |       |     1 ||     1
       Scroll            |       |     1 ||     1
 Stab: Sleeping          |     6 |     3 ||     9
  Eat: Chunk             |       |     4 ||     4
